 Dungeon Crawl Stone Soup version 0.29.1-12-g30fa7ad0bf (webtiles) character file.

Game seed: 11306472639108805668

58 Groucho the Digger (level 3, -5/19 HPs)
             Began as a Deep Elf Earth Elementalist on Dec 26, 2022.
             Slain by Crazy Yiuf
             ... wielding a +4 quarterstaff of chaos
              (7 damage)
             ... on level 2 of the Dungeon.
             The game lasted 00:04:57 (2833 turns).

Groucho the Digger (Deep Elf Earth Elementalist)    Turns: 2833, Time: 00:04:57

Health: -5/19      AC:  2    Str:  5    XL:     3   Next: 76%
Magic:  9/10       EV: 12    Int: 21    God:
Gold:   63         SH:  0    Dex: 15    Spells: 3/9 levels left

rFire   . . .      SeeInvis .   l - +2 dagger (venom)
rCold   . . .      Faith    .   (no shield)
rNeg    . . .      Spirit   .   a - +0 robe
rPois   .          Reflect  .   (no helmet)
rElec   .          Harm     .   (no cloak)
rCorr   .          Rampage  .   (no gloves)
Will    .....                   (no boots)
Stlth   ++........              (no amulet)
HPRegen 0.06/turn               (no ring)
MPRegen 0.12/turn               (no ring)

@: no status effects
A: no striking features
a: no special abilities


You were on level 2 of the Dungeon.
You visited 1 branch of the dungeon, and saw 2 of its levels.

You collected 63 gold pieces.

Inventory:

Hand Weapons
 h - a +0 short sword
 l - a +2 dagger of venom (weapon)
Missiles
 d - 21 stones
Armour
 a - a +0 robe (worn)
Scrolls
 e - 2 scrolls of brand weapon {unknown}
 f - 4 scrolls of teleportation {unknown}
 g - a scroll of blinking {unknown}
 k - a scroll of fear {unknown}
 m - a scroll of identify {unknown}
 n - a scroll of magic mapping {unknown}
Potions
 b - a potion of magic
 c - 2 potions of curing {unknown}
 i - a potion of cancellation {unknown}
 j - a potion of mutation {unknown}
 o - a potion of heal wounds {unknown}


   Skills:
 - Level 2.4 Dodging
 - Level 2.4 Stealth
 + Level 3.9 Spellcasting
 - Level 1.1 Transmutations
 * Level 4.8 Earth Magic


You had 3 spell levels left.
You knew the following spells:

 Your Spells              Type           Power      Damage    Failure   Level
a - Sandblast             Erth           48%        2d12      1%          1
b - Passwall              Tmut/Erth      13%        N/A       5%          2
c - Stone Arrow           Conj/Erth      28%        3d8       14%         3

Your spell library contained the following spells:

 Spells                   Type           Power      Damage    Failure   Level
 Petrify                  Tmut/Erth      16%        N/A       34%         4


Dungeon Overview and Level Annotations

Branches:
Dungeon (2/15)

Altars:
The Shining One

Shops:
D:2 :

Annotations:
D:2 Crazy Yiuf


Message History

An adder comes into view.
An adder is nearby!
An adder is nearby!
Casting: Sandblast (safe; 1% risk of failure)
Confirm with . or Enter, or press ? or * to list all spells.
Aiming: Sandblast (safe; 1% risk of failure)
Press: ? - help, Shift-Dir - straight line, f - adder
Aim: an adder (asleep, 100% to hit)
The blast of sand hits the adder!
The adder is almost dead.
The adder hisses angrily.
Casting: Sandblast (safe; 1% risk of failure)
Confirm with . or Enter, or press ? or * to list all spells.
Aiming: Sandblast (safe; 1% risk of failure)
Press: ? - help, Shift-Dir - straight line, f/p - adder
Aim: an adder (almost dead, 72% to hit)
The blast of sand hits the adder!
You kill the adder!
Magic restored.
Found a hammer.
Found a runed translucent door.
There is a stone staircase leading down here.
There is a stone staircase leading down here.
You open the door.
Crazy Yiuf shouts!
There is an open translucent door here.
Casting: Sandblast (safe; 1% risk of failure)
Confirm with . or Enter, or press ? or * to list all spells.
Aiming: Sandblast (safe; 1% risk of failure)
Press: ? - help, Shift-Dir - straight line, f - Crazy Yiuf
Aim: Crazy Yiuf, wielding a +4 quarterstaff of chaos and wearing a +1 cloak of preservation (85% to hit)
The blast of sand hits Crazy Yiuf!
Crazy Yiuf is heavily wounded.
Crazy Yiuf hits you with a +4 quarterstaff of chaos!
You are electrocuted!
* * * LOW HITPOINT WARNING * * *
Unknown command.
Crazy Yiuf attacks as you move away! Crazy Yiuf barely misses you.
Crazy Yiuf attacks as you move away!
Crazy Yiuf hits you with a +4 quarterstaff of chaos!
You die...

####............#
###........)..
#.........#.
#####
#.........#.
#)..#
#...........
#...#
#.........#.
#...#
#.........>. #g#
##........#. #@##
#........#. ##.#
#.......... #.##
#.......... ##.#
#.......#.. ##.##
##.......#..
##...#
#..#######..
#....# #.## #..
#....# #.# #..
##..####.# ###


You could see Crazy Yiuf.

Vanquished Creatures
  An adder (D:2)
  A worm (D:2)
  A dart slug (D:2)
  6 ball pythons
  8 endoplasms
  A giant cockroach (D:2)
  2 goblins
  6 hobgoblins
  4 kobolds
  6 bats
  A frilled lizard (D:1)
  4 rats
41 creatures vanquished.

Notes
Turn   | Place    | Note
-------+----------+-------------------------------------------
     0 | D:1      | Groucho the Deep Elf Earth Elementalist began the quest for
                  | the Orb.
     0 | D:1      | Reached XP level 1. HP: 10/10 MP: 6/6
   810 | D:1      | Reached XP level 2. HP: 15/15 MP: 6/8
   816 | D:1      | Learned a level 2 spell: Passwall
  1042 | D:1      | Reached skill level 4 in Earth Magic
  1326 | D:1      | Found a faded altar of an unknown god.
  1379 | D:1      | Found a glowing golden altar of the Shining One.
  1726 | D:2      | Reached XP level 3. HP: 19/19 MP: 8/10
  1730 | D:2      | Learned a level 3 spell: Stone Arrow
  1855 | D:2      | Found Gaec's Book Emporium.
  2705 | D:2      | Found a runed translucent door.
  2706 | D:2      | Noticed Crazy Yiuf
  2833 | D:2      | Slain by Crazy Yiuf

Illustrated notes

Levels and vault maps discovered:
D:1:      dpeg_arrival_water_altar, layout_loops_ring,
          hellmonk_ecumenical_altar_leap_of_faith, nicolae_hexahallways,
          minmay_misc_feat_plants, grunt_decor_mini_mirrors
D:2:      layout_rooms, serial_shops, shop, uniq_crazy_yiuf_cottage

Skill      XL: |  1  2 |
---------------+-------+-----
Earth Magic    | 4 |  4.8
Dodging        | |  2.4
Stealth        | |  2.4
Spellcasting   | |  3.9
Transmutations | |  1.1

Action                   || total
-------------------------++-------
 Cast: Sandblast         ||    51
Armor: Robe              ||     1
Dodge: Dodged            ||    10
